 Dungeon Crawl Stone Soup version 0.29-a0-887-gcbe080d7e0 (webtiles) character file.

Game seed: 8681468512673975574

1195 clackabat the Cleaver (level 8, -8/74 HPs)
             Began as a Minotaur Monk on July 20, 2022.
             Mangled by a troll (15 damage)
             ... on level 6 of the Dungeon on July 21, 2022.
             The game lasted 00:08:08 (5750 turns).

clackabat the Cleaver (Minotaur Monk)               Turns: 5750, Time: 00:08:08

Health: -8/74      AC:  6    Str: 15    XL:     8   Next: 20%
Magic:  7/7        EV: 12    Int:  9    God:
Gold:   233        SH:  0    Dex: 14    Spells: 7/7 levels left

rFire   . . .      SeeInvis .   s - +0 war axe
rCold   . . .      Faith    .   (no shield)
rNeg    . . .      Spirit   .   u - +3 leather armour
rPois   .          Reflect  .   (helmet restricted)
rElec   .          Harm     .   (no cloak)
rCorr   .          Rampage  .   (no gloves)
Will    .....                   (no boots)
Stlth   ++........              (no amulet)
HPRegen 0.22/turn               (no ring)
MPRegen 0.10/turn               (no ring)

@: no status effects
A: horns 2, retaliatory headbutt
a: no special abilities


You were on level 6 of the Dungeon.
You visited 1 branch of the dungeon, and saw 6 of its levels.

You collected 233 gold pieces.

Inventory:

Hand Weapons
 a - a +1 hand axe
 s - a +0 war axe (weapon)
Missiles
 d - 5 boomerangs (quivered)
 f - 16 poisoned darts
Armour
 b - a +0 robe
 h - a +0 ring mail
 i - a +0 kite shield
 r - a +0 chain mail
 u - a +3 leather armour (worn)
Jewellery
 n - a ring of ice
 y - a ring of poison resistance
Wands
 A - a wand of charming (8)
Scrolls
 g - 4 scrolls of identify
 k - 3 scrolls of magic mapping {unknown}
 o - 6 scrolls of teleportation {unknown}
 p - a scroll of silence {unknown}
 w - 2 scrolls of blinking {unknown}
 x - 2 scrolls of vulnerability {unknown}
 C - a scroll of amnesia {unknown}
Potions
 c - 3 potions of ambrosia
 e - a potion of heal wounds
 j - a potion of mutation
 l - a potion of might
 m - a potion of brilliance
 q - 2 potions of attraction {unknown}
 t - a potion of lignification {unknown}
 v - a potion of invisibility {unknown}
 z - 2 potions of magic {unknown}
 B - a potion of curing {unknown}


   Skills:
 + Level 7.7 Fighting
 * Level 10.3 Axes
 - Level 3.2 Dodging
 - Level 1.5 Stealth


You had 7 spell levels left.
You didn't know any spells.
Your spell library contained the following spells:

 Spells                   Type           Power      Damage    Failure   Level
 Dazzling Flash           Conj/Hex       0%         N/A       83%         3
 Ignite Poison            Fire/Tmut/Pois 0%         N/A       83%         3
 Mephitic Cloud           Conj/Pois/Air  0%         N/A       83%         3
 Iskenderun's Mystic Bla  Conj/Tloc      0%         2d3       99%         4
 Summon Ice Beast         Ice/Summ       0%         N/A       99%         4
 Alistair's Intoxication  Tmut/Pois      0%         N/A       100%        5
 Borgnjor's Vile Clutch   Necr/Erth      0%         N/A       100%        5
 Freezing Cloud           Conj/Ice/Air   0%         6-21      100%        5
 Summon Mana Viper        Hex/Summ       0%         N/A       100%        5
 Eringya's Noxious Bog    Tmut/Pois      0%         N/A       100%        6
 Starburst                Conj/Fire      0%         6d3       100%        6
 Monstrous Menagerie      Summ           0%         N/A       100%        7


Dungeon Overview and Level Annotations

Branches:
Dungeon (6/15)
 Temple: D:4-7

Altars:
Fedhas
Sif Muna
Zin

Shops:
D:5 =

Annotations:
D:6 1 transporter


Innate Abilities, Weirdness & Mutations

You have a pair of horns on your head.
You reflexively headbutt those who attack you in melee.


Message History

Found a scale mail.
The troll shouts!
There is an open door here.
You hit the troll.
The troll is lightly wounded.
The troll bites you. The troll completely misses you. The troll claws you.
You closely miss the troll. Your headbutt misses the troll.
The troll is lightly wounded.
The troll bites you! The troll claws you. The troll barely misses you.
You slash the troll!
The troll is moderately wounded.
The troll closely misses you. You furiously retaliate!
You headbutt the troll, but do no damage.
The troll claws you. x2
You hit the troll. You headbutt the troll.
The troll is moderately wounded.
The troll bites you. The troll closely misses you. x2
You slash the troll! Your headbutt misses the troll.
The troll is heavily wounded.
The troll barely misses you. The troll claws you.
The troll claws you but does no damage.
You slash the troll!
The troll is severely wounded.
The troll bites you! The troll claws you! The troll closely misses you.
You barely miss the troll.
The troll is severely wounded.
The troll bites you but does no damage. The troll claws you but does no damage.
The troll claws you.
* * * LOW HITPOINT WARNING * * *
You hit the troll.
You headbutt the troll, but do no damage.
The troll is severely wounded.
The troll bites you!
* * * LOW HITPOINT WARNING * * *
The troll claws you but does no damage. The troll claws you.
* * * LOW HITPOINT WARNING * * *
You hit the troll but do no damage.
The troll is severely wounded.
The troll bites you!
You die...

########.#........#
:©$. #.#.......##
#....[..##
#........#
#........#
#........# #
##'####...#
#..##.....####
#....@.....#
#....T.....#
#.........##
#.........#
#..[.......#
#..##....[## ...
#.....# ....
.......


You could see a troll.

Vanquished Creatures
  An orc warrior (D:5)
  A black bear (D:5)
  An ice beast (D:6)
  3 ogres
  2 phantoms
  A bullfrog (D:6)
  A scorpion (D:4)
  4 jellies
  A hound (D:5)
  An iguana (D:4)
  2 orc wizards
  Terence (D:3)
  5 adders
  2 shadow imps
  2 ufetubi
  2 worms
  A dart slug (D:1)
  13 orcs
  5 ball pythons
  5 endoplasms
  2 giant cockroaches (D:2)
  6 hobgoblins
  4 jackals (D:4)
  5 quokkas
  2 bats
  A frilled lizard (D:1)
  3 goblins
  3 kobolds
  4 rats (D:1)
84 creatures vanquished.

Notes
Turn   | Place    | Note
-------+----------+-------------------------------------------
     0 | D:1      | clackabat the Minotaur Monk began the quest for the Orb.
     0 | D:1      | Reached XP level 1. HP: 19/19 MP: 0/0
   137 | D:1      | Found a faded altar of an unknown god.
   394 | D:1      | Reached skill level 4 in Axes
   414 | D:1      | Reached XP level 2. HP: 27/27 MP: 1/1
  1276 | D:2      | Reached XP level 3. HP: 31/33 MP: 2/2
  1827 | D:3      | Reached skill level 5 in Axes
  1917 | D:3      | Noticed Terence
  1928 | D:3      | Killed Terence
  1929 | D:3      | Reached XP level 4. HP: 20/41 MP: 3/3
  2136 | D:3      | Found a glowing silver altar of Zin.
  2136 | D:3      | Found a blossoming altar of Fedhas.
  2505 | D:3      | Noticed an ogre
  2513 | D:3      | Killed an ogre
  2514 | D:3      | Reached skill level 5 in Fighting
  2514 | D:3      | Reached skill level 6 in Axes
  2514 | D:3      | Reached XP level 5. HP: 19/48 MP: 4/4
  2881 | D:4      | Reached skill level 7 in Axes
  2882 | D:4      | Reached XP level 6. HP: 44/56 MP: 5/5
  4022 | D:5      | Entered Level 5 of the Dungeon
  4047 | D:5      | Noticed an orc warrior
  4088 | D:5      | Killed an orc warrior
  4089 | D:5      | Reached skill level 8 in Axes
  4089 | D:5      | Reached XP level 7. HP: 36/63 MP: 6/6
  4444 | D:5      | Identified the +1 ring mail of the Hidden Hells {Harm Will-
                  | Str-5 Dex+8}
  4956 | D:5      | Found Cuicri's Jewellery Shoppe.
  5105 | D:5      | Reached skill level 9 in Axes
  5321 | D:6      | Found a shimmering blue altar of Sif Muna.
  5415 | D:6      | Upgraded the game from 0.29-a0-885-gb26ba3297d to
                  | 0.29-a0-887-gcbe080d7e0
  5431 | D:6      | Reached skill level 10 in Axes
  5431 | D:6      | Reached XP level 8. HP: 43/73 MP: 7/7
  5723 | D:6      | Found a transporter.
  5738 | D:6      | Noticed a troll
  5750 | D:6      | Mangled by a troll

Illustrated notes

Levels and vault maps discovered:
D:1:      noname_arrival_rooms_in_the_neighbourhood, layout_basic,
          ebering_ecumenical_altar_sacrificial, minmay_fountain_box,
          hex_intersection
D:2:      layout_loops_ring
D:3:      layout_loops_ring, mainiacjoe_overflow_catwalk_spiral, uniq_terence
D:4:      layout_layer_cave
D:5:      layout_gridville, serial_shops, nicolae_shop_behind_doors,
          minmay_misc_feat_encased
D:6:      gammafunk_cloud_chamber, layout_gridville, led_sif_pool

Skill      XL: |  1  2  3  4  5  6  7 |
---------------+----------------------+-----
Axes           | 4 5 6 7 8 10 | 10.3
Fighting       | 4 5 6 7 |  7.7
Dodging        | |  3.2
Stealth        | |  1.5

Action                   |  1- 3 |  4- 6 |  7- 9 || total
-------------------------+-------+-------+-------++-------
Melee: Hand axe          |    89 |     7 |       ||    96
       Headbutt          |    11 |    11 |    17 ||    39
       Punch             |     2 |     1 |     2 ||     5
       War axe           |       |    66 |    78 ||   144
Throw: Boomerang         |     2 |       |       ||     2
  Use: Scroll            |     6 |       |       ||     6
       Potion            |       |     1 |       ||     1
 Stab: Sleeping          |       |     1 |     2 ||     3
Armor: Robe              |     4 |       |       ||     4
       Ring mail         |    18 |    16 |       ||    34
       Leather armour    |       |    13 |    27 ||    40
Dodge: Dodged            |    45 |    53 |    49 ||   147

Table legend: (Time is in decaauts)
 A = Elapsed time spent in this place.
 B = Non-inter-level travel time spent in this place.
 C = Inter-level travel time spent in this place.
 D = Time resting spent in this place.
 E = Time spent auto-exploring this place.
 F = Levels seen in this place.
 G = Mean time per level.
                   A        B        C        D        E       F      G
               +--------+--------+--------+--------+--------+-----+--------+
         Total |   5769 |   5377 |    392 |    539 |   4218 |   6 |  961.5 |
       Dungeon |   5769 |   5377 |    392 |    539 |   4218 |   6 |  961.5 |
               +--------+--------+--------+--------+--------+-----+--------+

Top non-repeatable levels by time:
     D:4: 1334 daAuts
     D:5: 1246 daAuts
     D:1: 991 daAuts
     D:3: 959 daAuts
     D:2: 751 daAuts
     D:6: 486 daAuts
